 Dungeon Crawl Stone Soup version 0.28.0-53-g5a82cb258f (webtiles) character file.

Game seed: 17740298756023645286

222 Sin92 the Skirmisher (level 5, 0/34 (41) HPs)
             Began as a Demonspawn Fighter on July 15, 2022.
             Slain by a wight
             ... wielding a +0 great sword
              (1 damage)
             ... on level 4 of the Dungeon.
             The game lasted 00:02:27 (3428 turns).

Sin92 the Skirmisher (Demonspawn Fighter)           Turns: 3428, Time: 00:02:28

HP:   0/34 (41)     AC:  6    Str: 16    XL:     5   Next: 66%
MP:   7/7           EV:  9    Int:  9    God:
Gold: 174           SH:  9    Dex: 15    Spells: 7/7 levels left

rFire   . . .      SeeInvis .   j - +2 hand axe (flame)
rCold   . . .      Faith    .   c - +0 buckler
rNeg    . . .      Spirit   .   b - +0 scale mail
rPois   .          Reflect  .   (helmet restricted)
rElec   .          Harm     .   (no cloak)
rCorr   .          Rampage  .   (no gloves)
Will    .....                   (no boots)
Stlth   +.........              (no amulet)
HPRegen 0.11/turn               (no ring)
MPRegen 0.10/turn               (no ring)

@: about to teleport, heavily drained
A: horns 2, large bone plates 1, spiny 1
a: no special abilities


You were on level 4 of the Dungeon.
You visited 1 branch of the dungeon, and saw 4 of its levels.

You collected 174 gold pieces.

Inventory:

Hand Weapons
 a - a +0 long sword
 j - a +2 hand axe of flaming (weapon)
 q - a +4 hand axe
Armour
 b - a +0 scale mail (worn)
 c - a +0 buckler (worn)
Jewellery
 p - a +6 ring of strength
Wands
 n - a wand of mindburst (10)
Scrolls
 f - a scroll of fog
 i - a scroll of torment
Potions
 d - 3 potions of might
 g - a potion of haste
 m - a potion of attraction {unknown}


   Skills:
 + Level 3.5 Fighting
 - Level 2.1 Long Blades
 * Level 1.6 Axes
 + Level 3.2 Armour
 + Level 1.5 Dodging
 + Level 1.6 Stealth
 + Level 3.3 Shields
 + Level 1.6 Spellcasting


You had 7 spell levels left.
You didn't know any spells.
Your spell library contained the following spells:

 Spells                   Type           Power      Damage    Failure   Level
 Apportation              Tloc           0%         N/A       86%         1
 Ozocubu's Armour         Ice            0%         N/A       99%         3
 Alistair's Intoxication  Tmut/Pois      0%         N/A       100%        5
 Ozocubu's Refrigeration  Ice            0%         4d5       100%        7


Dungeon Overview and Level Annotations

Branches:
Dungeon (4/15)             Temple (0/1) D:4

Altars:
Ashenzari
Hepliaklqana
Qazlal

Annotations:
D:4 1 runed translucent door, RedNights's ghost, amateur DENe


Innate Abilities, Weirdness & Mutations

You have a pair of horns on your head.
You are partially covered in large bone plates. (SH +4)
You are partially covered in sharp spines.


Message History

Unknown command.
You are too injured to fight recklessly!
There are monsters nearby!
You are too injured to fight recklessly!
Unknown command.
There are monsters nearby!
You are too injured to fight recklessly!
Unknown command.
You are too injured to fight recklessly!
It was a potion of heal wounds.
You feel much better.
You barely miss the wight.
You headbutt the wight, but do no damage.
You closely miss the wight. The wight is struck by your spines.
The wight misses you.
The wight hits you with a +0 great sword.
You feel drained. The wight is struck by your spines.
The wight barely misses you.
You hit the wight but do no damage. You barely miss the wight.
The wight hits you with a +0 great sword!
You feel drained.
The wight hits you with a +3 dire flail of freezing.
You feel drained. The wight freezes you.
* * * LOW HITPOINT WARNING * * *
You hit the wight. You burn the wight. You headbutt the wight.
The wight is moderately damaged.
You barely miss the wight. The wight barely misses you.
The wight is struck by your spines.
The wight hits you with a +3 dire flail of freezing.
* * * LOW HITPOINT WARNING * * *
You feel drained.
* * * LOW HITPOINT WARNING * * *
The wight freezes you.
* * * LOW HITPOINT WARNING * * *
The wight closely misses you.
As you read the scroll of teleportation, it crumbles to dust.
You feel strangely unstable. You block the wight's attack.
The wight hits you with a +0 great sword.
* * * LOW HITPOINT WARNING * * *
You feel drained.
You die...

##.# ###........##......
#<.# ###.###.###.###.##.
#..# ##...............#.
#..# #..##.###.###.##...
#..####.#...........#.#.
###.....#...##.###.##...#.
#.......#.#.#.......#.#.#.
#.#.###.zz#...##.##...#..#
#.#.#*###@#.#.#...#.#.#.#.
#,#.,,,,#...#...⌠...#...##
*,##***##.#.#.#...#.#.#.#.
*,* #..#...##.##...#...
*,* ##.#.#.......#.#.#.
*,* #...##.###.##...#. *,*
**#*#.#...........#.#.
*,***,.(..##.###.###.##...
*,,,,,###...............##


You could see 2 wights.

Vanquished Creatures
  2 wights (D:4)
  A jelly (D:4)
  A hound skeleton (D:4)
  A gnoll (D:3)
  A howler monkey skeleton (D:2)
  A shadow imp (D:4)
  A worm (D:2)
  A dart slug (D:1)
  An orc (D:3)
  4 bats
  8 endoplasms
  3 giant cockroaches
  8 goblins
  5 hobgoblins
  6 jackals (D:1)
  4 kobolds
  4 quokkas
  4 ball pythons
  A frilled lizard (D:2)
  3 rats (D:1)
60 creatures vanquished.

Notes
Turn   | Place    | Note
-------+----------+-------------------------------------------
     0 | D:1      | Sin92 the Demonspawn Fighter began the quest for the Orb.
     0 | D:1      | Reached XP level 1. HP: 18/18 MP: 1/1
   206 | D:1      | Gained mutation: You have a pair of small horns on your
                  | head. [demonic ancestry]
   206 | D:1      | Reached XP level 2. HP: 22/24 MP: 2/2
  1119 | D:1      | Gained mutation: You are partially covered in sharp spines.
                  | [demonic ancestry]
  1119 | D:1      | Reached XP level 3. HP: 28/29 MP: 4/4
  1241 | D:2      | Reached skill level 1 in Spellcasting
  1384 | D:2      | Reached skill level 1 in Dodging
  1974 | D:3      | Reached skill level 1 in Stealth
  2008 | D:3      | Found a faded altar of an unknown god.
  2050 | D:3      | Gained mutation: You are partially covered in large bone
                  | plates. (SH +4) [demonic ancestry]
  2050 | D:3      | Reached XP level 4. HP: 35/35 MP: 5/5
  2212 | D:3      | Found a large runed translucent door.
  2212 | D:3      | Found a large runed translucent door.
  2359 | D:3      | Found a stormy altar of Qazlal.
  2366 | D:3      | Found a hazy altar of Hepliaklqana.
  2439 | D:4      | Noticed a bullfrog
  2440 | D:4      | Found a runed translucent door.
  2443 | D:4      | Noticed RedNights's ghost (amateur DENe)
  2737 | D:4      | Found a broken altar of Ashenzari.
  2766 | D:4      | Found a staircase to the Ecumenical Temple.
  2849 | D:4      | Reached skill level 1 in Axes
  2849 | D:4      | Gained mutation: You have a pair of horns on your head.
                  | [demonic ancestry]
  2849 | D:4      | Reached XP level 5. HP: 31/41 MP: 5/7
  3415 | D:4      | Identified the +4 spear of the Lusting Coward {vorpal,
                  | Will+ Str-3 Dex+3 SInv}
  3428 | D:4      | HP: 1/36 [wight/+0 great sword (4)]
  3428 | D:4      | Slain by a wight

Illustrated notes

Levels and vault maps discovered:
D:1:      ncdulo_wetmaze, layout_basic
D:2:      layout_loops_ring
D:3:      layout_rooms, jmf_multi_god_temple2,
          shapermc_ecumenical_altar_mp_highgroup
D:4:      layout_basic, nicolae_ashenzari_skybound,
          minmay_temple_entry_statues_fountains, ebering_ghost_sewer_d,
          nicolae_concentric_dashed_squares_wild, uniq_crazy_yiuf_cottage

Skill      XL: |  1  2  3  4 |
---------------+-------------+-----
Long Blades    | 2 |  2.1
Spellcasting   | 1 |  1.6
Dodging        | 1 |  1.5
Armour         | 3 |  3.2
Shields        | 3 |  3.3
Stealth        | 1 |  1.6
Axes           | 1 |  1.6
Fighting       | |  3.5

Action                   |  1- 3 |  4- 6 || total
-------------------------+-------+-------++-------
Melee: Long sword        |    76 |       ||    76
       Headbutt          |     9 |    12 ||    21
       Hand axe          |     9 |    35 ||    44
  Use: Scroll            |       |     7 ||     7
       Potion            |       |     1 ||     1
Armor: Scale mail        |    45 |     7 ||    52
Dodge: Dodged            |    29 |    13 ||    42
Block: Buckler           |    19 |    13 ||    32
